 Dungeon Crawl Stone Soup version 0.30-a0-986-g7f2e898f52 (console) character file.

Game seed: 5542043090103577200

12205 utis the Zephyrmancer (level 11, -5/65 (69) HPs)
             Began as a Tengu Wanderer on Apr 1, 2023.
             Killed from afar by Nergalle (21 damage)
             ... with a bolt of negative energy
             ... on level 10 of the Dungeon.
             The game lasted 00:58:20 (17920 turns).

utis the Zephyrmancer (Tengu Wanderer)             Turns: 17920, Time: 00:58:21

HP:   -5/65 (69)    AC:  9    Str: 13    XL:     11   Next: 89%
MP:   5/15          EV: 19    Int: 15    God:
Gold: 543           SH:  6    Dex: 21    Spells: 3/14 levels left

rFire   . . .      SeeInvis .    a - +5 spear (venom)
rCold   . . .      Faith    .    c - +0 buckler
rNeg    . . .      Spirit   .    G - +2 ring mail {rPois}
rPois   +          Reflect  .    (helmet restricted)
rElec   .          Rampage  .    (no cloak)
rCorr   .                        J - +1 pair of gloves
Will    +....                    (boots unavailable)
Stlth   +                        (no amulet)
HPRegen 0.30/turn                i - ring of willpower
MPRegen 0.14/turn                X - +6 ring of dexterity

@: flying quickly and evasively, drained, quick
A: beak, talons 3, nimble flight
a: no special abilities


You were on level 10 of the Dungeon.
You visited 1 branch of the dungeon, and saw 10 of its levels.
You also visited: Sewer and Ossuary.

You collected 543 gold pieces.

Inventory:

Hand Weapons
 a - a +5 spear of venom (weapon)
 b - a +0 sling
 k - a +2 mace
 q - a +2 dagger of venom
 t - a +0 spear
 w - a +0 halberd
 D - a +0 short sword of electrocution
 E - a +4 mace
 H - the +6 long sword of the Leaping Gnat {freeze, rPois Str+4 Dex-5}
   (You found it on level 7 of the Dungeon)

   Str:       It affects your strength (+4).
   Dex:       It affects your dexterity (-5).
   rPois:     It protects you from poison.
 O - a +4 sling of freezing
 P - a +1 great sword of freezing
 Q - a +5 halberd
Missiles
 g - 31 poisoned darts
 s - 63 stones
 v - 13 atropa-tipped darts
 y - 3 throwing nets {=f}
 C - a curare-tipped dart {=f}
Armour
 c - a +0 buckler (worn)
 e - a +0 leather armour
 l - a +1 ring mail
 r - the +3 hat of Pondering {ponderous, Will+ MP+10 Int+5}
   (You took it off Gastronok on level 8 of the Dungeon)

   Int:       It affects your intelligence (+5).
   MP:        It affects your magic capacity (+10).
   Will:      It increases your willpower.
 G - a +2 ring mail of poison resistance (worn)
 J - a +1 pair of gloves (worn)
Jewellery
 i - a ring of willpower (left hand)
 X - a +6 ring of dexterity (right hand)
 Z - a ring of wizardry
Wands
 u - a wand of polymorph (9)
 F - a wand of flame (10)
Scrolls
 f - 3 scrolls of blinking
 m - 2 scrolls of poison
 n - 6 scrolls of teleportation {@r4}
 x - 3 scrolls of enchant weapon
 K - a scroll of fog {unknown}
 L - a scroll of vulnerability
Potions
 d - a potion of invisibility
 h - 3 potions of cancellation
 j - 5 potions of brilliance
 o - 5 potions of attraction
 p - 3 potions of lignification
 z - 2 potions of resistance
 A - 8 potions of curing {@q1}
 B - 2 potions of degeneration {unknown}
 I - a potion of ambrosia
 M - 2 potions of might
 R - a potion of haste {unknown}


   Skills:
 + Level 8.6 Fighting
 - Level 2.5(4.3) Short Blades
 + Level 5.4(5.7) Long Blades
 - Level 3.2 Maces & Flails
 - Level 1.1 Polearms
 + Level 9.3 Dodging
 - Level 5.0 Shields
 - Level 2.0 Spellcasting
 - Level 8.0 Conjurations
 + Level 4.6 Translocations
 + Level 4.8 Fire Magic
 + Level 10.9 Air Magic
 - Level 1.0 Invocations


You had 3 spell levels left.
You knew the following spells:

 Your Spells              Type           Power      Damage    Failure   Level
k - Airstrike             Air            17%        2d(3-19)  7%          4
z - Shock                 Conj/Air       100%       1d9       1%          1
W - Swiftness             Air            34%        N/A       1%          3
Y - Kindle Blastsparks    Fire/Tloc/Air  42%        2d13      12%         3

Your spell library contained the following spells:

 Spells                   Type           Power      Damage    Failure   Level
 Lesser Beckoning         Tloc           30%        N/A       14%         2
 Gell's Gravitas          Tloc           15%        N/A       28%         3
 Teleport Other           Tloc           15%        N/A       28%         3
 Dazzling Flash           Conj/Hex       26%        N/A       34%         3
 Hailstorm                Conj/Ice       13%        3d5       34%         3
 Freeze                   Ice            4%         1d3       52%         1
 Ignite Poison            Fire/Tmut/Pois 6%         N/A       67%         3
 Frozen Ramparts          Ice            2%         1d1       88%         3
 Freezing Cloud           Conj/Ice/Air   10%        6-21      78%         5
 Silence                  Hex/Air        8%         N/A       88%         5
 Anguish                  Hex/Necr       0%         N/A       99%         4
 Agony                    Necr           1%         N/A       100%        5
 Enfeeble                 Hex            0%         N/A       100%        7


Dungeon Overview and Level Annotations

Branches:
Dungeon (10/15)            Temple (0/1) D:6            Lair (0/5) D:8
  Sewer (visited)         Ossuary (visited)
    Orc: D:9-12

Altars:
Ashenzari
Cheibriados
Gozag
Makhleb
Nemelex Xobeh
Okawaru
Ru
Trog
Uskayaw
Vehumet
Wu Jian

Shops:
D:5 *   D:9 [

Annotations:
D:1 1 transporter
D:9 exclusion: statue
D:10 Nergalle


Innate Abilities, Weirdness & Mutations

You have a beak for a mouth.
You have claws for feet.
Your magical nature lets you fly swiftly and evasively.


Message History

Unknown command.
Aiming: Shock (safe; 1% risk of failure)
Press: ? - help, Q - select action, (/) - cycle Shift-Dir - straight line The zap misses Josephine.
The zap hits Josephine!
Josephine is almost dead.
The zap hits the wraith.
The wraith is severely damaged.
Josephine draws life force from you!
* * * LOW HITPOINT WARNING * * *
Josephine is healed by the life force!
Aiming: Shock (safe; 1% risk of failure)
Press: ? - help, Q - select action, (/) - cycle Shift-Dir - straight line The zap hits Josephine.
Josephine is severely wounded.
The zap hits Josephine!
Josephine is almost dead.
The zap misses the wraith.
* * * LOW MAGIC WARNING * * *
Josephine misses you.
Aiming: Shock (safe; 1% risk of failure)
Press: ? - help, Q - select action, (/) - cycle Shift-Dir - straight line The zap hits Josephine.
Josephine is almost dead.
The zap hits Josephine.
Josephine is almost dead.
The zap hits the wraith.
The wraith is severely damaged.
* * * LOW MAGIC WARNING * * *
Josephine barely misses you.
Aiming: Shock (safe; 1% risk of failure)
Press: ? - help, Q - select action, (/) - cycle Shift-Dir - straight line The zap hits Josephine!
You kill Josephine!
The zap hits the wraith.
The wraith is almost destroyed.
* * * LOW MAGIC WARNING * * *
Nergalle the Soulbinder comes into view.
She is wielding a +0 dagger.
Nergalle points at you and mumbles some strange words.
The bolt of negative energy hits you!!
You feel drained.
You die...

.░.....░░ ░.░ ░..░ ░.░
░░░.░░.░░ ░.░ ░ ░░....░ ..░
░░░.░░..░ ........░ ░
░.......░░░░░░░░░░░.░
░................WW.░
░..[.....░░░░░░░.░
░........░░░░░ ░Q░ ░░░
░░.......░...░░░.░░░░.░ ░..
....░░...........o....░ ░.░
░░.░░░░..░...░░░.░░░░░░ ░.░
░░.░ ░..░░░░░ ░.░ ░.░ ░░.░
░..░ ░.░ ░.░ ░░.░ ░..░░ ░.░
░.░ ░ ░░.░ ░...░ ░░░.░
░░░░░.░░░░░ ░░.░
░░..░░░░.>.░░░░░░.......[..


You could see Nergalle and a wraith.

Vanquished Creatures
  Gastronok (D:8)
  Josephine (D:10)
  2 two-headed ogres
  An unseen horror (D:8)
  3 kobold demonologists
  3 wraiths
  4 wyverns
  19 yaks
  A water moccasin (D:8)
  A black bear (D:5)
  An orc warrior (D:8)
  A sky beast (D:6)
  3 phantoms
  5 kobold brigands
  8 bullfrogs
  2 elf skeletons (D:4)
  3 water moccasin zombies (Ossuary)
  A gnoll sergeant (D:6)
  3 scorpions
  23 wights
  13 killer bees
  2 jellies
  2 gnoll boudas
  2 orc priests
  3 hounds
  A human skeleton (D:4)
  3 sleepcaps
  3 iguanas
  2 orc wizards
  2 mummies (Ossuary)
  13 gnolls
  7 adders
  2 white imps
  3 adder zombies (Ossuary)
  3 worms
  4 dart slugs
  15 orcs
  10 ball pythons
  4 bats
  4 endoplasms
  13 giant cockroaches
  3 gnoll zombies (Ossuary)
  5 goblins
  9 hobgoblins
  21 kobolds
  9 quokkas
  5 frilled lizards
  9 hobgoblin zombies (Ossuary)
  3 kobold zombies (Ossuary)
  2 orc skeletons (D:4)
  3 orc zombies
  2 rats (D:1)
268 creatures vanquished.

Vanquished Creatures (others)
  13 fungi (D:8)
  12 plants (D:8)
25 creatures vanquished.

Grand Total: 293 creatures vanquished

Notes
Turn   | Place    | Note
-------+----------+-------------------------------------------
     0 | D:1      | utis the Tengu Wanderer began the quest for the Orb.
     0 | D:1      | utis set off with the following items: a +2 mace, a +0
                  | spear, a +0 buckler, a potion of invisibility, a +0 leather
                  | armour.
     0 | D:1      | Reached XP level 1. HP: 10/10 MP: 2/2
    94 | D:1      | Reached skill level 1 in Dodging
   260 | D:1      | Reached skill level 1 in Fighting
   260 | D:1      | Reached XP level 2. HP: 16/16 MP: 3/3
   297 | D:1      | Learned a level 1 spell: Shock
   351 | D:1      | Found a faded altar of an unknown god.
   764 | D:1      | Reached skill level 1 in Air Magic
   812 | D:1      | Reached XP level 3. HP: 20/20 MP: 4/4
   926 | D:2      | Reached skill level 1 in Conjurations
  1441 | D:2      | Reached XP level 4. HP: 26/26 MP: 5/5
  2182 | D:3      | Reached skill level 2 in Air Magic
  2655 | D:3      | Found the +18 shield of the Gong {Loud rN+ Will+ rCorr
                  | EV-5}
  2924 | D:4      | Found an ornate altar of the Wu Jian Council.
  2924 | D:4      | Found a snail-covered altar of Cheibriados.
  3042 | D:4      | Found an iron altar of Okawaru.
  3060 | D:4      | Gained mutation: Your magical nature lets you fly swiftly
                  | and evasively. [Tengu growth]
  3060 | D:4      | Reached XP level 5. HP: 29/30 MP: 6/6
  3076 | D:4      | Reached skill level 3 in Air Magic
  3131 | D:4      | Found a sand-covered staircase.
  3141 | Ossuary  | Entered an ossuary
  3168 | Ossuary  | Reached XP level 6. HP: 26/36 MP: 7/7
  3503 | Ossuary  | Reached skill level 4 in Air Magic
  3691 | D:4      | Reached XP level 7. HP: 40/41 MP: 8/8
  3826 | D:4      | Learned a level 3 spell: Kindle Blastsparks
  4248 | D:4      | Found a broken altar of Ashenzari.
  4532 | D:4      | Found a sparkling altar of Nemelex Xobeh.
  4533 | D:4      | Found a sacrificial altar of Ru.
  4534 | D:4      | Found a hide-covered altar of Uskayaw.
  4623 | D:5      | Entered Level 5 of the Dungeon
  4623 | D:5      | Found an opulent altar of Gozag.
  4691 | D:5      | Reached skill level 5 in Conjurations
  4691 | D:5      | Reached skill level 5 in Air Magic
  4783 | D:5      | Found Gastij's Assorted Antiques.
  4799 | D:5      | Found a burning altar of Makhleb.
  5683 | D:5      | Reached skill level 1 in Fire Magic
  5683 | D:5      | Reached XP level 8. HP: 48/48 MP: 1/9
  6319 | D:6      | Found a glowing drain.
  6332 | Sewer    | Entered a sewer
  6391 | Sewer    | Found the +2 pair of slick slippers {slick, slippery, EV+4}
  6609 | Sewer    | Reached skill level 1 in Spellcasting
  6617 | Sewer    | Reached skill level 5 in Dodging
  7074 | D:6      | Reached skill level 6 in Air Magic
  7109 | D:6      | stupid
  7359 | D:6      | Found a snail-covered altar of Cheibriados.
  7459 | D:6      | Reached skill level 5 in Fighting
  7820 | D:5      | ugh
  7999 | D:6      | Reached XP level 9. HP: 28/54 MP: 13/13
  8139 | D:6      | Found a staircase to the Ecumenical Temple.
  8546 | D:6      | Found a bloodstained altar of Trog.
  8730 | D:6      | Reached skill level 7 in Air Magic
  9090 | D:6      | Found a staircase to the Ecumenical Temple.
  9492 | D:6      | Found a snail-covered altar of Cheibriados.
  9593 | D:6      | Found a bloodstained altar of Trog.
 10119 | D:6      | Found a staircase to the Ecumenical Temple.
 10468 | D:6      | Found a snail-covered altar of Cheibriados.
 10569 | D:6      | Found a bloodstained altar of Trog.
 11611 | D:7      | Learned a level 4 spell: Airstrike
 12216 | D:7      | Identified the +6 long sword of the Leaping Gnat {freeze,
                  | rPois Str+4 Dex-5}
 13059 | D:8      | Reached skill level 8 in Air Magic
 13078 | D:8      | Reached skill level 1 in Short Blades
 13157 | D:8      | Noticed a two-headed ogre
 13181 | D:8      | Killed a two-headed ogre
 13182 | D:8      | Reached skill level 1 in Translocations
 13182 | D:8      | Reached XP level 10. HP: 61/61 MP: 5/14
 13352 | D:8      | Noticed Gastronok
 13702 | D:8      | Killed Gastronok
 13703 | D:8      | Reached skill level 9 in Air Magic
 13859 | D:8      | Killed an unseen horror
 14261 | D:8      | Found a staircase to the Lair.
 14519 | D:8      | Learned a level 3 spell: Swiftness
 14926 | D:9      | Reached XP level 11. HP: 67/67 MP: 2/15
 15198 | D:9      | Found a radiant altar of Vehumet.
 15328 | D:9      | Reached skill level 10 in Air Magic
 15556 | D:9      | Found Goorercha's Antique Armour Boutique.
 16065 | D:10     | Entered Level 10 of the Dungeon
 16741 | D:10     | Noticed a sixfirhy
 17362 | D:10     | Noticed a two-headed ogre
 17502 | D:10     | Reached skill level 5 in Long Blades
 17692 | D:10     | Killed a two-headed ogre
 17906 | D:10     | Noticed Josephine
 17919 | D:10     | Killed Josephine
 17919 | D:10     | Noticed Nergalle
 17920 | D:10     | Killed from afar by Nergalle

Illustrated notes ..░ ░....... ░...░ ░..░░░...░ ░░...░ ░......░░░...░ ░░ ░░░░ ░░......░░...░ ~░░░░~~░░░.......░...░ ~~~~~~~~░........'..8░ ~░░░░~~░░........░...░░ ░░~~░░~░.........░░...░░ ░~.~~~~░........Q.░░...░░ ░~~~~~~░......░.g..░░...░░ ░░~~░░░░........[...░░...░ ~░░░░~~░░............░░....... ~~~~~~~~...)..........░░.....░ ~░░░░~~░░).............░░...░░ ░░ ░░░░............g...░░+░░ .....................░ ....................░░░ Turn 7109 on D:6: stupid

....░......░.....░░....░░....░...
....░......░...........░.....░...
....').....░...........░.....░...
░░.░░......░░░░░░░░░░..░░░..░░...
░░.░....░░░░...░░░░░░..░░░..░....
'..))...░...........'.......░....
░..░....░...........░.......░....
░..░....░...........░.......░....
░).░....░.......Q...░.......░....
░░░░....░░░░░░░░░z░░░+░░░░░░░....
.................>...............
.................................
.................................
.................................
.................................
.....[.........................<.
░░░░░░░░░░'░░░░░░░░░░░░...§≈≈..).


Turn 7820 on D:5: ugh

Levels and vault maps discovered:
D:1:      spicycebolla_arrival_risky_transporter, layout_loops_ring,
          hellmonk_ecumenical_altar_lost_god
D:2:      layout_basic, supply_closet_lemuel, hex_large
D:3:      wander_river, layout_loops_ring, serial_park_tiny_1,
          serial_bayou_pond_e
D:4:      layout_cave_pools, chequers_temple_overflow_statue_of_worship,
          mainiacjoe_overflow_boulevard, nicolae_overflow_two_pavilions,
          nicolae_ossuary_entry_catacombs, kennysheep_decorative_pillar,
          minmay_misc_feat_rugged
D:5:      layout_gridville, mainiacjoe_overflow_catwalk, lemuel_crystal_altar,
          serial_shops, nicolae_stop_n_shop_2
D:6:      layout_layer_cave, kennysheep_mini_moat, temple_pool_b,
          gup_sewer_entry_bubbles, kennysheep_diamond
D:7:      layout_basic
D:8:      layout_rooms, grunt_lair_entry_orc_guard_hut, serial_corexii_hall,
          chequers_hall_statues_corner_a, corexii_hall_statues_i,
          corexii_hall_statues_l, corexii_hall_statues_x, uniq_gastronok
D:9:      layout_roguey, vehumet_statue, serial_shops, nicolae_shop_crystal
D:10:     layout_loops_ring, uniq_josephine, uniq_grum, uniq_sonja,
          uniq_nergalle

Skill      XL: |  1  2  3  4  5  6  7  8  9 10 11 |
---------------+----------------------------------+-----
Dodging        | 1 2 3 4 5 7 8 9 |  9.3
Fighting       | 1 2 3 4 5 6 7 8 |  8.6
Air Magic      | 1 2 3 4 5 6 8 9 10 | 10.9
Conjurations   | 1 2 3 4 5 6 8 |  8.0
Fire Magic     | 1 3 4 |  4.8
Spellcasting   | 2 |  2.0
Short Blades   | 2 |  2.5
Translocations | 1 3 4 |  4.6
Long Blades    | 3 5 |  5.4
Maces & Flails | |  3.2
Polearms       | |  1.1
Shields        | |  5.0
Invocations    | |  1.0

Action                     |  1- 3 |  4- 6 |  7- 9 | 10-12 || total
---------------------------+-------+-------+-------+-------++-------
  Melee: Mace              |    45 |   124 |   171 |       ||   340
         Kick              |     4 |    43 |    90 |    36 ||   173
         Peck              |     3 |    23 |    50 |    14 ||    90
         Spear             |       |       |    84 |    94 ||   178
   Fire: Sling             |       |     9 |       |       ||     9
  Throw: Stone             |     9 |    18 |    22 |     1 ||    50
         Dart              |       |    10 |       |       ||    10
   Cast: Shock             |       |     1 |   116 |   214 ||   331
    Use: Scroll            |       |    14 |     5 |     2 ||    21
         Potion            |       |       |     2 |     4 ||     6
 Armour: Leather armour    |     7 |     1 |       |       ||     8
         Ring mail         |       |    16 |    56 |    30 ||   102
  Dodge: Dodged            |    14 |    52 |   171 |   141 ||   378
  Block: Buckler           |    12 |    27 |    99 |    50 ||   188

Table legend: (Time is in decaauts)
 A = Elapsed time spent in this place.
 B = Non-inter-level travel time spent in this place.
 C = Inter-level travel time spent in this place.
 D = Time resting spent in this place.
 E = Time spent auto-exploring this place.
 F = Levels seen in this place.
 G = Mean time per level.
                   A        B        C        D        E       F      G
               +--------+--------+--------+--------+--------+-----+--------+
         Total |  17228 |  16478 |    750 |   4833 |   8405 |  12 | 1435.7 |
       Dungeon |  16009 |  15259 |    750 |   4231 |   8290 |  10 | 1600.9 |
         Sewer |    686 |    686 |      0 |    370 |    115 |   1 |  686.0 |
       Ossuary |    532 |    532 |      0 |    230 |      0 |   1 |  532.0 |
               +--------+--------+--------+--------+--------+-----+--------+

Top non-repeatable levels by time:
     D:6: 3929 daAuts
     D:5: 1666 daAuts
     D:7: 1653 daAuts
     D:8: 1572 daAuts
    D:10: 1548 daAuts
     D:9: 1466 daAuts
     D:2: 1126 daAuts
     D:4: 1111 daAuts
     D:3: 1006 daAuts
     D:1: 927 daAuts
   Sewer: 686 daAuts
 Ossuary: 532 daAuts
